AoeStats
← Arguin331

Arabia

504826766Analyzed
4v4 RM · 25d ago on Sep 6, 2026· 54m 23s· 8 players
Game mode
Random Map
Map size
Large (8 player)
Population
200
Speed
Normal
Resources
Standard
Victory
Conquest
Starting age
Dark Age
Ending age
Imperial Age
RankedLock teamsTeams togetherTeam positionsShared explorationLock speedFull tech treeHidden civsTurbo modeCheats
Victory
Defeat
🇫🇷 Cumans · France
917
+32
🇹🇼 Franks · Taiwan
901
+12
🇰🇿 Wei · Kazakhstan
890
+13
🇫🇷 Chinese · France
863
+14
🇫🇷 Persians · France
892
-41
🇫🇷 Teutons · France
822
-13
🇫🇷 Poles · France
818
-13
🇫🇷 Tatars · France
758
-12
Gravity
5:20 Loom
11:46 Feudal Age
13:15 Double-Bit Axe
13:58 Horse Collar
17:10 Castle Age
15:50 Gold Mining
15:54 Stone Mining
18:13 Bow Saw
18:12 Heavy Plow
23:00 Gold Shaft Mining
23:49 Wheelbarrow
25:08 Hand Cart
31:50 Imperial Age
31:04 Stone Shaft Mining
31:30 Bloodlines
31:20 Husbandry
31:34 Forging
31:30 Scale Barding Armor
31:16 Fletching
31:27 Padded Archer Armor
32:01 Caravan
32:40 Tuntian
33:01 Conscription
33:11 Parthian Tactics
33:46 Ming Guang Armor
34:22 Heavy Hei Guang Cavalry
35:50 Iron Casting
35:37 Chain Barding Armor
36:07 Elite Tiger Cavalry
37:50 Iron Casting
37:55 Thumb Ring
44:09 Blast Furnace
43:04 Bodkin Arrow
43:25 Leather Archer Armor
44:44 Onager
47:35 Pikeman
48:17 Squires
48:22 Bracer
48:52 Ring Archer Armor
48:23 Scale Mail Armor
48:42 Halberdier
51:20 Ballistics
52:01 Chemistry
BernickHodor
13:30 Feudal Age
13:57 Horse Collar
14:15 Double-Bit Axe
17:19 Bloodlines
18:03 Wheelbarrow
18:52 Forging
19:36 Scale Barding Armor
21:17 Padded Archer Armor
23:04 Fletching
25:41 Castle Age
25:34 Stone Mining
25:36 Gold Mining
25:42 Light Cavalry
27:20 Gold Shaft Mining
27:56 Chain Barding Armor
29:06 Heavy Plow
29:19 Bow Saw
29:28 Hand Cart
31:55 Caravan
32:20 Thumb Ring
32:56 Iron Casting
32:17 Bodkin Arrow
32:37 Leather Archer Armor
34:12 Steppe Husbandry
39:27 Imperial Age
39:48 Hussar
41:32 Blast Furnace
41:03 Ring Archer Armor
41:09 Plate Barding Armor
41:09 Conscription
41:39 Crop Rotation
44:00 Elite Kipchak
46:48 Cuman Mercenaries
46:18 Elite Steppe Lancer
49:38 Two-Man Saw
51:55 Cavalier
54:22 Paladin
Arguin331
0:36 Loom
12:06 Feudal Age
12:49 Double-Bit Axe
12:52 Horse Collar
16:57 Wheelbarrow
18:43 Forging
18:34 Scale Mail Armor
23:37 Castle Age
21:41 Stone Mining
23:12 Fletching
23:23 Padded Archer Armor
23:18 Gold Mining
25:03 Hand Cart
24:13 Pikeman
25:24 Bow Saw
25:21 Heavy Plow
27:51 Squires
28:43 Chain Mail Armor
29:04 Iron Casting
29:46 Bodkin Arrow
30:28 Crossbowman
32:11 Stone Shaft Mining
33:19 Ballistics
33:37 Leather Archer Armor
40:35 Imperial Age
38:53 Gold Shaft Mining
38:27 Caravan
40:44 Halberdier
41:56 Conscription
40:57 Elite Chu Ko Nu
44:26 Bracer
44:56 Ring Archer Armor
45:27 Blast Furnace
44:32 Scale Barding Armor
45:00 Plate Mail Armor
49:30 Chemistry
48:26 Murder Holes
GANZHENDA
5:16 Loom
12:10 Feudal Age
13:22 Double-Bit Axe
23:06 Castle Age
22:42 Stone Mining
23:41 Forging
23:32 Scale Mail Armor
25:26 Bow Saw
46:06 Imperial Age
44:52 Fletching
44:55 Gold Mining
46:01 Town Watch
46:52 Wheelbarrow
46:59 Gold Shaft Mining
47:52 Husbandry
49:33 Cavalier
54:45 Iron Casting
Fauston
11:45 Feudal Age
12:37 Double-Bit Axe
12:42 Horse Collar
14:46 Gold Mining
18:07 Castle Age
19:09 Heavy Plow
19:22 Bow Saw
19:37 Pikeman
20:18 Squires
23:31 Thumb Ring
32:23 Man-at-Arms
33:53 Long Swordsman
41:08 Imperial Age
42:59 Forging
42:51 Scale Mail Armor
42:43 Two-Handed Swordsman
44:50 Heavy Cavalry Archer
50:31 Iron Casting
50:12 Chain Mail Armor
50:47 Elite Skirmisher
Valgrin
4:28 Loom
12:29 Feudal Age
13:02 Double-Bit Axe
17:29 Castle Age
16:19 Horse Collar
18:41 Pikeman
20:32 Bow Saw
21:21 Heavy Plow
25:37 Forging
25:47 Scale Mail Armor
28:15 Squires
35:43 Wheelbarrow
35:44 Ironclad
35:54 Chain Mail Armor
36:32 Gold Mining
36:32 Stone Mining
37:26 Iron Casting
39:57 Hand Cart
42:28 Imperial Age
42:40 Scale Barding Armor
43:13 Stone Shaft Mining
43:46 Plate Mail Armor
44:17 Blast Furnace
42:40 Halberdier
43:27 Capped Ram
44:19 Town Watch
44:57 Conscription
45:31 Gambesons
47:19 Two-Man Saw
46:19 Man-at-Arms
48:18 Chain Barding Armor
47:59 Padded Archer Armor
47:22 Long Swordsman
48:44 Crenellations
48:46 Fletching
49:49 Town Patrol
50:21 Crop Rotation
49:48 Two-Handed Swordsman
50:55 Elite Skirmisher
51:34 Cavalier
52:25 Bloodlines
51:37 Champion
53:16 Paladin
Floc
11:44 Feudal Age
12:18 Double-Bit Axe
13:23 Loom
18:08 Horse Collar
20:34 Castle Age
18:33 Gold Mining
21:25 Scale Barding Armor
22:09 Husbandry
22:35 Chain Barding Armor
26:17 Forging
28:12 Wheelbarrow
27:27 Town Watch
28:26 Iron Casting
29:31 Hand Cart
34:03 Town Patrol
38:27 Gold Shaft Mining
43:10 Imperial Age
42:10 Loom
43:37 Cavalier
47:58 Savar
50:18 Elite War Elephant
Alex
10:41 Feudal Age
12:42 Loom
19:09 Castle Age
19:08 Double-Bit Axe
24:42 Horse Collar
26:12 Bow Saw
27:43 Fletching
27:54 Padded Archer Armor
27:57 Heavy Plow
29:45 Bodkin Arrow
30:06 Leather Archer Armor
29:44 Gold Mining
33:27 Ballistics
37:31 Forging
37:27 Scale Barding Armor
39:26 Pikeman
43:57 Imperial Age
42:47 Iron Casting
42:33 Chain Barding Armor
45:18 Crop Rotation
46:22 Heavy Cavalry Archer
Connection lost

Rejoining the realm…

Still unreachable

The connection could not be restored.

Session expired

The server has moved on; the page needs a fresh start.